 Dungeon Crawl Stone Soup version 0.31-a0-236-g9a0961fb85 (webtiles) character file.

Game seed: 4976805109831696319

14 Anon1729 the Trooper (level 2, -5/27 HPs)
             Began as a Minotaur Monk on July 10, 2023.
             Slain by Sigmund
             ... wielding a +2 scythe of pain
              (21 damage)
             ... on level 2 of the Dungeon.
             The game lasted 00:00:20 (961 turns).

Anon1729 the Trooper (Minotaur Monk)                 Turns: 961, Time: 00:00:20

Health: -5/27      AC:  2    Str: 15    XL:     2   Next: 27%
Magic:  1/1        EV: 13    Int:  7    God:
Gold:   68         SH:  0    Dex: 12    Spells: 1/1 levels left

rFire   . . .        a - +0 short sword
rCold   . . .        d - orb {light}
rNeg    . . .        b - +0 robe
rPois   .            (helmet restricted)
rElec   .            (no cloak)
rCorr   .            (no gloves)
SInv    .            (no boots)
Will    .....        (no amulet)
Stlth   +            (no ring)
HPRegen 0.24/turn    (no ring)
MPRegen 0.07/turn

%: no passive effects
@: confused, ambrosia-drunk, glowing
A: horns 2, retaliatory headbutt
a: no special abilities


You were on level 2 of the Dungeon.
You visited 1 branch of the dungeon, and saw 2 of its levels.

You collected 68 gold pieces.

Inventory:

Hand Weapons
 a - a +0 short sword (weapon)
Armour
 b - a +0 robe (worn)
 d - an orb of light (worn)
Scrolls
 e - a scroll of vulnerability {unknown}
 g - 4 scrolls of identify {unknown}
 h - a scroll of poison {unknown}
 i - 2 scrolls of silence {unknown}
Potions
 f - a potion of enlightenment {unknown}


   Skills:
 + Level 3.8 Fighting
 + Level 3.5 Short Blades
 + Level 0.6 Armour
 + Level 3.4 Dodging
 + Level 0.3 Stealth
 + Level 0.4 Invocations


You had one spell level left.
You didn't know any spells.
Your spell library was empty.

Dungeon Overview and Level Annotations

Branches:
Dungeon (2/15)

Altars:

Annotations:
D:2 Sigmund


Innate Abilities, Weirdness & Mutations

You have a pair of horns on your head.
You reflexively headbutt those who attack you in melee.


Message History

Sigmund points at you and mumbles some strange words.
The magic dart hits you!
You hit Sigmund.
Sigmund is lightly wounded.
Sigmund misses you.
You hit Sigmund but do no damage. Your headbutt misses Sigmund.
Sigmund is lightly wounded.
You hit Sigmund but do no damage.
Sigmund is lightly wounded.
Sigmund hits you with a +2 scythe of pain.
You writhe in agony.
The kobold hits you with a +0 dagger.
You are too injured to fight recklessly!
You are too injured to fight recklessly!
You are too injured to fight recklessly!
You are too injured to fight recklessly!
You are too injured to fight recklessly!
You are too injured to fight recklessly!
You are too injured to fight recklessly!
You are too injured to fight recklessly!
You are too injured to fight recklessly!
You are too injured to fight recklessly!
You are too injured to fight recklessly!
You are too injured to fight recklessly!
You are too injured to fight recklessly!
You are too injured to fight recklessly!
You are too injured to fight recklessly!
You are too injured to fight recklessly!
You are too injured to fight recklessly!
You are too injured to fight recklessly!
You are too injured to fight recklessly!
You hit Sigmund. You headbutt Sigmund, but do no damage.
Sigmund is lightly wounded.
The kobold hits you but does no damage. Sigmund gestures at you while chanting.
You resist with significant effort.
You are confused.
You feel invigorated.
Sigmund hits you with a +2 scythe of pain!!
Ouch! That really hurt!
You die...

..##+## ..........#.#
.........#.#
###........#.#
.<#........#.#
###........#.### ####
###............ ...
.............####@#.###.
.......†........@K....?.
.............#.###......
.##........#.#...+ .....
.##..........##### ....
.########......... ...
.. #.....#### .. ..
#.....# . #.....#
#.....#


You could see Sigmund (strong) and a kobold.

Vanquished Creatures
  2 endoplasms
  2 hobgoblins (D:1)
  2 quokkas (D:2)
  A ball python (D:1)
  2 bats (D:1)
  A frilled lizard (D:1)
  A kobold (D:1)
  3 rats (D:1)
14 creatures vanquished.

Notes
Turn   | Place    | Note
-------+----------+-------------------------------------------
     0 | D:1      | Anon1729 the Minotaur Monk began the quest for the Orb.
     0 | D:1      | Reached XP level 1. HP: 19/19 MP: 0/0
   304 | D:1      | Reached XP level 2. HP: 22/27 MP: 1/1
   953 | D:2      | Noticed Sigmund
   961 | D:2      | Slain by Sigmund

Illustrated notes

Levels and vault maps discovered:
D:1:      dpeg_arrival_tiny_d, layout_basic, corexii_item_surrounded_by_moat,
          minmay_pentomino_s2
D:2:      layout_basic, basic_altar, minivault_23, kennysheep_generic_room_12,
          uniq_sigmund

Action                     || total
---------------------------++-------
  Melee: Short sword       ||    37
         Headbutt          ||     9
    Use: Potion            ||     1
 Armour: Robe              ||     4
  Dodge: Dodged            ||    12

Table legend: (Time is in decaauts)
 A = Elapsed time spent in this place.
 B = Non-inter-level travel time spent in this place.
 C = Inter-level travel time spent in this place.
 D = Time resting spent in this place.
 E = Time spent auto-exploring this place.
 F = Levels seen in this place.
 G = Mean time per level.
                   A        B        C        D        E       F      G
               +--------+--------+--------+--------+--------+-----+--------+
         Total |    954 |    891 |     63 |      0 |    808 |   2 |  477.0 |
       Dungeon |    954 |    891 |     63 |      0 |    808 |   2 |  477.0 |
               +--------+--------+--------+--------+--------+-----+--------+

Top non-repeatable levels by time:
     D:1: 874 daAuts
     D:2: 80 daAuts
